 Dungeon Crawl Stone Soup version 0.25.1-2-g60ff931df9 (webtiles) character file.

Game seed: 10873418082862276337

74027 Peloso the Blocker (level 15, -8/118 HPs)
             Began as a Demonspawn Fighter on Aug 27, 2020.
             Was a High Priest of Okawaru.
             Mangled by Eryzeax's ghost (13 damage)
             ... on level 14 of the Dungeon.
             The game lasted 01:18:22 (27266 turns).

Peloso the Blocker (Demonspawn Fighter)            Turns: 27266, Time: 01:18:23

Health: -8/118     AC: 40    Str: 22    XL:     15   Next: 5%
Magic:  16/18      EV: 13    Int: 10    God:    Okawaru [*****.]
Gold:   1363       SH: 23    Dex: 19    Spells: 14/14 levels left

rFire    + . .     SeeInvis +   i - +12 Vampire's Tooth {vamp}
rCold    + + .     Gourm    .   c - +2 kite shield {reflect}
rNeg     + . .     Faith    .   o - +7 plate armour of the Thirsty Planets {rC+}
rPois    .         Spirit   .   R - +2 hat
rElec    .         Reflect  +   d - scarf {rC+ rF+}
rCorr    .         Harm     .   (gloves unavailable)
MR       +....                  K - +1 pair of boots
Stlth    ..........             Z - amulet of reflection
HPRegen  0.29/turn              q - ring of see invisible
MPRegen  0.16/turn              G - +6 ring of dexterity

@: mighty, lethally poisoned (-8 -> -12), heroism, sanguine armour, stab, flying
A: claws 3, demonic guardian 1, negative energy resistance 1, powered by death
1, sanguine armour 3
a: Heroism, Finesse, Renounce Religion


You were on level 14 of the Dungeon.
You worshipped Okawaru.
Okawaru was extremely pleased with you.
You were very hungry.

You visited 4 branches of the dungeon, and saw 19 of its levels.
You visited the Abyss 1 time.
You also visited: Ice Cave.

You collected 2454 gold pieces.
You spent 1091 gold pieces at shops.

Inventory:

Hand Weapons
 a - the +5 long sword "Vyss" {freeze, rElec rC+}
   (Okawaru gifted it to you on level 11 of the Dungeon)

   It has been specially enchanted to freeze those struck by it, causing extra
   injury to most foes and up to half again as much damage against particularly
   susceptible opponents.
   It can also slow down cold-blooded creatures.
   It protects you from cold.
   It insulates you from electricity.
 b - a +3 scimitar of flaming
 i - the +12 Vampire's Tooth (weapon) {vamp}
   (You found it on level 10 of the Dungeon)

   It inflicts no extra harm, but heals its wielder when it wounds a living foe.
Armour
 c - a +2 kite shield of reflection (worn)
 d - a scarf of resistance (worn)
 o - the +7 plate armour of the Thirsty Planets (worn) {rC+}
   (You found it on level 10 of the Dungeon)

   It protects you from cold.
 K - a +1 pair of boots (worn)
 R - a +2 hat (worn)
 Y - a +2 cloak of magic resistance
Jewellery
 q - a ring of see invisible (left claw)
 G - a +6 ring of dexterity (right claw)
 J - an uncursed ring of protection from magic
 Z - an amulet of reflection (around neck)
Wands
 X - a wand of digging (8)
Scrolls
 e - a scroll of summoning {unknown}
 g - a scroll of amnesia
 k - 7 scrolls of teleportation
 p - 2 scrolls of immolation
 r - 4 scrolls of remove curse
 t - 7 scrolls of identify
 y - 5 scrolls of magic mapping
 z - 5 scrolls of noise
Potions
 l - 2 potions of heal wounds
 n - 2 potions of invisibility
 w - a potion of flight
 D - 2 potions of haste
 H - 5 potions of curing
 P - a potion of might
 W - 2 potions of stabbing
Comestibles
 f - 25 rations


   Skills:
 + Level 11.0(16.0) Fighting
 + Level 9.3(16.3) Short Blades
 + Level 10.6(16.9) Long Blades
   Level 2.4(7.4) Axes
 + Level 11.0(16.0) Armour
 + Level 3.5(8.5) Dodging
 + Level 3.3(8.3) Stealth
 + Level 13.4(18.4) Shields
 + Level 5.1 Invocations
 + Level 1.7 Evocations


You had 14 spell levels left.
You didn't know any spells.
Your spell library contained the following spells:

 Spells                   Type           Power        Failure   Level  Hunger
 Apportation              Tloc           #.....       97%         1    ##.....
 Beastly Appendage        Tmut           #.....       97%         1    ##.....
 Magic Dart               Conj           #...         97%         1    ##.....
 Summon Butterflies       Summ           #.......     97%         1    ##.....
 Summon Small Mammal      Summ           #...         97%         1    ##.....
 Blink                    Tloc           N/A          99%         2    ###....
 Call Imp                 Summ           #.......     99%         2    ###....
 Corpse Rot               Necr/Air       N/A          99%         2    ###....
 Searing Ray              Conj           #.....       99%         2    ###....
 Sticks to Snakes         Tmut           #.......     99%         2    ###....
 Sublimation of Blood     Necr           #.........   99%         2    ###....
 Call Canine Familiar     Summ           #.......     100%        3    ####...
 Confusing Touch          Hex            #.......     100%        3    ####...
 Dazzling Flash           Conj/Hex       #.....       100%        3    ####...
 Gell's Gravitas          Tloc           #.........   100%        3    ####...
 Lesser Beckoning         Tloc           #.........   100%        3    ####...
 Spider Form              Tmut/Pois      #.........   100%        3    ####...
 Summon Guardian Golem    Hex/Summ       #.......     100%        3    ####...
 Tukima's Dance           Hex            #.......     100%        3    ####...
 Dispel Undead            Necr           #.......     100%        4    #####..
 Fulminant Prism          Conj/Hex       #.........   100%        4    #####..
 Hailstorm                Conj/Ice       #.......     100%        4    #####..
 Ice Form                 Ice/Tmut       #.......     100%        4    #####..
 Iskenderun's Mystic Bla  Conj/Tloc      #.......     100%        4    #####..
 Petrify                  Tmut/Erth      #.......     100%        4    #####..
 Summon Ice Beast         Ice/Summ       #.......     100%        4    #####..
 Summon Lightning Spire   Summ/Air       #.......     100%        4    #####..
 Agony                    Necr           #.......     100%        5    ######.
 Alistair's Intoxication  Tmut/Pois      #.......     100%        5    ######.
 Blade Hands              Tmut           #.........   100%        5    ######.
 Excruciating Wounds      Chrm/Necr      #.........   100%        5    ######.
 Metabolic Englaciation   Hex/Ice        #.........   100%        5    ######.
 Summon Forest            Summ/Tloc      #.........   100%        5    ######.
 Yara's Violent Unravell  Hex/Tmut       #.........   100%        5    ######.
 Freezing Cloud           Conj/Ice/Air   #.........   100%        6    #######
 Invisibility             Hex            #.......     100%        6    #######
 Ozocubu's Refrigeration  Ice            #.........   100%        6    #######
 Simulacrum               Ice/Necr       #.........   100%        6    #######


Dungeon Overview and Level Annotations

Branches:
Dungeon (14/15)            Temple (1/1) D:7            Lair (2/6) D:11
  Swamp (0/4) Lair:2        Snake (0/4) Lair:2          Orc (2/2) D:9
    Elf (0/3) Orc:2        Vaults (0/5) D:13          IceCv (visited)

Altars:
Ashenzari
Gozag
Makhleb
Okawaru
Wu Jian
Xom
Yredelemnul
Beogh

Shops:
D:12 %%   Orc:1 **}[   Orc:2 **}!

Portals:
Trove: D:10 (give +5 demon whip)

Annotations:
D:4 2 transporters, iamyoyoman's ghost, amateur DsGl
D:14 Eryzeax's ghost, adept MfHu; Roxanne
Lair:1 1 runed translucent door, Acheron's ghost, novice MfWn


Innate Abilities, Weirdness & Mutations

You have claws for hands.
A weak demonic guardian rushes to your aid.
You resist negative energy. (rN+)
You regenerate a little health from kills.
When seriously injured, your bleeding wounds create very thick armour. (AC +12)


Message History

You feel much better.
You feel sick.
* * * LOW HITPOINT WARNING * * *
You are more poisoned.
Eryzeax's ghost is infused with unholy energy.
* * * LOW HITPOINT WARNING * * *
Eryzeax's ghost draws life force from you and is healed!
Unknown command.
You feel very buoyant.
You fly up into the air.
* * * LOW HITPOINT WARNING * * *
You are more poisoned.
Eryzeax's ghost mumbles some strange words.
Eryzeax's ghost puts on a burst of speed!
Unknown command.
You feel very mighty all of a sudden.
You feel sick.
* * * LOW HITPOINT WARNING * * *
You are more poisoned.
Eryzeax's ghost hits you!
You die...

.....##########
.....#8....._[)...8#
.....#............%#
.....#o#8#..8..#8#.#
.....#.###.....###.#
.....#....#####o...#
.....#......ooooo..#
.....######ooo#######
####.8.....oohoW@558#
#........o########
###########


You could see 3 orc knights, a warg, 4 orc warriors, an orc priest, Eryzeax's
ghost (swift, toxic aura), 5 orcs, a friendly iron imp (summoned) and a friendly
white imp (summoned).

Vanquished Creatures
  Rupert (D:13)
  A fire giant (D:10)
  An orc warlord (D:14)
  A frost giant (D:13)
  2 stone giants
  An ettin (Orc:1)
  Erolcha (D:10)
  A yaktaur captain (D:13)
  2 vault guards (D:13)
  Fannar (Lair:1)
  7 hydras
  A catoblepas (D:13)
  4 two-headed ogres
  2 centaur warriors
  7 tengu warriors
  The ghost of Quickbrownfox the Chiller, a journeyman GrIE of Cheibriados (Orc:1)
  10 orc high priests (Orc:2)
  3 deep elf knights (D:9)
  An unseen horror (D:13)
  An obsidian statue (Orc:1)
  A wizard (D:13)
  A deep elf archer (D:10)
  2 orc knights
  3 necromancers
  A deep elf mage (D:9)
  3 orc sorcerers
  3 cyclopes
  6 ugly things
  2 manticores
  A rust devil (D:5)
  Maurice (Orc:2)
  3 black mambas (Lair:2)
  9 spiny frogs
  An ice statue (IceCv)
  3 gargoyles
  Maggie (D:7)
  An efreet (D:13)
  10 freezing wraiths
  A kobold demonologist (D:12)
  2 meliai
  7 trolls
  11 blink frogs (Lair:2)
  A wolf spider simulacrum (IceCv)
  4 hippogriffs
  Sigmund (D:2)
  2 shadows
  2 vampires
  2 wraiths (D:14)
  2 basilisks (Lair:1)
  5 yaks (D:12)
  5 wyverns
  18 humans (D:13)
  A hungry ghost (D:7)
  2 death yak simulacra (IceCv)
  10 vampire mosquitoes
  8 wargs
  3 acid dragons
  4 porcupines
  14 water moccasins
  5 ice beasts (IceCv)
  3 black bears
  9 ogres
  6 sky beasts
  2 necrophages
  21 orc warriors
  2 phantoms
  2 eyes of draining
  7 wolves
  14 centaurs
  2 crocodiles
  4 big kobolds
  11 bullfrogs
  A gnoll sergeant (D:7)
  3 scorpions
  2 wyvern skeletons
  A water moccasin skeleton (D:10)
  6 killer bees (D:13)
  A wight (D:8)
  5 howler monkeys
  11 crimson imps
  3 draconian simulacra (IceCv)
  4 bullfrog zombies
  3 centaur zombies
  2 quasits
  A jelly (D:10)
  5 centaur skeletons
  4 hounds
  37 orc priests
  3 bullfrog skeletons
  3 iguanas
  Natasha (D:3)
  22 orc wizards
  14 worker ants
  A polar bear simulacrum (IceCv)
  5 troll simulacra (IceCv)
  A killer bee zombie (D:5)
  4 centaur simulacra (IceCv)
  2 hound zombies
  A hound skeleton (D:8)
  4 ogre simulacra (IceCv)
  17 adders
  9 gnolls
  4 naga simulacra (IceCv)
  4 shadow imps
  11 white imps (IceCv)
  An ooze (D:7)
  2 adder skeletons
  3 worms
  A dart slug (D:2)
  3 leopard geckos
  99 orcs
  5 giant cockroaches
  6 hobgoblins
  13 jackals
  2 quokkas
  5 bats
  10 frilled lizards
  8 goblins
  13 kobolds
  2 leopard gecko skeletons
  3 quokka skeletons
  2 rats (D:1)
667 creatures vanquished.

Vanquished Creatures (collateral kills)
  An unseen horror (D:10)
  A wizard (D:13)
  A black mamba (Lair:1)
  A rust devil (D:6)
  A freezing wraith (IceCv)
  A tyrant leech (D:10)
  A vampire mosquito (D:10)
  A water moccasin (D:11)
  An orc warrior (D:10)
  2 ice beasts
  A wolf (Lair:2)
  An ogre (D:4)
  A centaur (D:5)
  A bullfrog (D:6)
  A worker ant (D:5)
  2 gnolls (D:7)
  An adder (D:5)
  A shadow imp (D:12)
  A white imp (IceCv)
  2 worms (D:4)
  A leopard gecko (D:8)
  8 orcs
  A giant cockroach (D:4)
  A goblin (D:3)
34 creatures vanquished.

Vanquished Creatures (others)
  An orc (D:9)
  4 fungi
  A plant (Lair:1)
  5 toadstools (D:1)
11 creatures vanquished.

Grand Total: 712 creatures vanquished

Notes
Turn   | Place    | Note
-------+----------+-------------------------------------------
     0 | D:1      | Peloso the Demonspawn Fighter began the quest for the Orb.
     0 | D:1      | Reached XP level 1. HP: 18/18 MP: 1/1
   275 | D:1      | Gained mutation: When seriously injured, your bleeding
                  | wounds create armour. (AC +12) [demonic ancestry]
   275 | D:1      | Reached XP level 2. HP: 22/24 MP: 2/2
   311 | D:1      | Reached skill level 3 in Shields
   907 | D:2      | Noticed Sigmund
   923 | D:2      | Killed Sigmund
   923 | D:2      | Reached skill level 1 in Dodging
   923 | D:2      | Reached XP level 3. HP: 16/29 MP: 3/3
   923 | D:2      | Reached XP level 4. HP: 20/35 MP: 4/4
   923 | D:2      | Gained mutation: A weak demonic guardian rushes to your
                  | aid. [demonic ancestry]
   923 | D:2      | Reached XP level 5. HP: 23/41 MP: 5/5
  1111 | D:2      | Found an iron altar of Okawaru.
  1120 | D:2      | Became a worshipper of Warmaster Okawaru
  1731 | D:2      | Reached XP level 6. HP: 11/47 MP: 6/6
  2616 | D:3      | Noticed Natasha
  2622 | D:3      | Killed Natasha
  2655 | D:3      | Reached skill level 4 in Shields
  3190 | D:4      | Reached * piety under Okawaru
  3240 | D:4      | Gained mutation: When seriously injured, your bleeding
                  | wounds create thick armour. (AC +12) [demonic ancestry]
  3240 | D:4      | Reached XP level 7. HP: 42/52 MP: 4/7
  3342 | D:4      | Found a transporter.
  3344 | D:4      | Noticed iamyoyoman's ghost (amateur DsGl)
  3347 | D:4      | Identified the +3 great mace "Earthworm" {pain, *Corrode
                  | rElec rPois Int+6}
  3349 | D:4      | Found a transporter.
  3623 | D:4      | Got a spiked ring mail
  3634 | D:4      | Identified the +3 ring mail of Weightlessness {Harm rCorr}
                  | (You found it on level 4 of the Dungeon)
  3966 | D:5      | Entered Level 5 of the Dungeon
  4254 | D:5      | Reached skill level 5 in Long Blades
  4666 | D:5      | Reached ** piety under Okawaru
  5091 | D:6      | Gained mutation: You have sharp fingernails. [demonic
                  | ancestry]
  5091 | D:6      | Reached XP level 8. HP: 60/60 MP: 8/8
  5231 | D:6      | Reached skill level 5 in Armour
  5492 | D:6      | Reached skill level 5 in Shields
  5763 | D:6      | Reached skill level 1 in Stealth
  6193 | D:5      | Noticed a rust devil
  6193 | D:5      | Noticed a rust devil
  6773 | D:7      | Reached *** piety under Okawaru
  6896 | D:7      | Gained mutation: You regenerate a little health from kills.
                  | [demonic ancestry]
  6896 | D:7      | Reached XP level 9. HP: 67/67 MP: 9/9
  6954 | D:7      | Reached skill level 6 in Shields
  6989 | D:7      | Found a staircase to the Ecumenical Temple.
  6996 | D:7      | Noticed Maggie
  7000 | Temple   | Entered the Ecumenical Temple
  7014 | D:7      | Killed Maggie
  7054 | D:7      | Reached skill level 5 in Fighting
  8214 | D:8      | Noticed a two-headed ogre
  8224 | D:8      | Killed a two-headed ogre
  8224 | D:8      | Reached **** piety under Okawaru
  8224 | D:8      | Reached skill level 7 in Shields
  8396 | D:8      | Gained mutation: You have very sharp fingernails. [demonic
                  | ancestry]
  8396 | D:8      | Reached XP level 10. HP: 74/74 MP: 10/10
  8417 | D:8      | Noticed a manticore
  8431 | D:8      | Killed a manticore
  8431 | D:8      | Reached skill level 1 in Invocations
 10860 | D:9      | Reached skill level 8 in Shields
 11373 | D:9      | Found a staircase to the Orcish Mines.
 11398 | D:9      | Found a burning altar of Makhleb.
 11398 | D:9      | Noticed a green death
 11402 | D:9      | Noticed a smoke demon
 11642 | D:10     | Entered Level 10 of the Dungeon
 11655 | D:10     | Noticed a deep elf archer
 11927 | D:10     | Reached skill level 10 in Long Blades
 12431 | D:10     | Noticed an unseen horror
 12477 | D:10     | Killed an unseen horror
 12477 | D:10     | Reached ***** piety under Okawaru
 12498 | D:10     | Found the +12 Vampire's Tooth {vamp}
 12966 | D:10     | Was placed under penance by Okawaru
 13333 | D:9      | Noticed a deep elf knight
 13333 | D:9      | Noticed a deep elf knight
 13333 | D:9      | Noticed a deep elf knight
 13333 | D:9      | Noticed a deep elf mage
 13579 | D:10     | Reached XP level 11. HP: 81/81 MP: 11/11
 13592 | D:10     | Noticed a centaur warrior
 13592 | D:10     | Noticed an orc knight
 13592 | D:10     | Noticed an orc warlord
 13635 | D:10     | Was forgiven by Okawaru
 13636 | D:10     | Noticed a stone giant
 13636 | D:10     | Noticed a fire giant
 13636 | D:10     | Noticed an orc knight
 13866 | D:10     | Reached skill level 1 in Short Blades
 13886 | D:10     | Got a heavily runed plate armour
 14057 | D:9      | Killed a deep elf knight
 14072 | D:9      | Killed a deep elf knight
 14080 | D:9      | Killed a deep elf knight
 14144 | D:9      | Killed a deep elf mage
 14242 | D:10     | Killed an orc knight
 14345 | D:10     | Killed a centaur warrior
 14372 | D:10     | Killed a fire giant
 14697 | D:10     | Found an ornate altar of the Wu Jian Council.
 14731 | D:10     | Killed a stone giant
 14742 | D:10     | Found a portal to a secret trove of treasure.
 14758 | D:10     | Killed a deep elf archer
 14938 | D:10     | Identified the +7 plate armour of the Thirsty Planets {rC+}
                  | (You found it on level 10 of the Dungeon)
 14959 | D:11     | Found a staircase to the Lair.
 15090 | D:11     | Noticed Erolcha
 15122 | D:11     | Paralysed by Erolcha for 3 turns
 15138 | D:10     | Killed Erolcha
 15138 | D:10     | Reached skill level 9 in Shields
 15725 | D:11     | Received a gift from Okawaru
 15729 | D:11     | Got a pitted long sword {god gift}
 15730 | D:11     | Identified the +5 long sword "Vyss" {freeze, rElec rC+}
                  | (Okawaru gifted it to you on level 11 of the Dungeon)
 16414 | D:5      | Reached skill level 5 in Short Blades
 16575 | Lair:1   | Entered Level 1 of the Lair of Beasts
 16578 | Lair:1   | Found a runed translucent door.
 16578 | Lair:1   | Noticed Acheron's ghost (novice MfWn)
 16608 | Lair:1   | Noticed a four-headed hydra
 16612 | Lair:1   | Killed a four-headed hydra
 16612 | Lair:1   | Gained mutation: You resist negative energy. (rN+) [demonic
                  | ancestry]
 16612 | Lair:1   | Reached XP level 12. HP: 79/91 MP: 13/13
 16799 | Lair:1   | Noticed a seven-headed hydra
 16803 | Lair:1   | Killed a seven-headed hydra
 16978 | Lair:1   | Received a gift from Okawaru
 17175 | Lair:1   | Reached skill level 1 in Evocations
 17283 | Lair:1   | Noticed Fannar
 17309 | Lair:1   | Killed Fannar
 17329 | Lair:1   | Noticed a seven-headed hydra
 17410 | D:12     | Noticed a two-headed ogre
 17422 | D:12     | Killed a two-headed ogre
 17489 | D:12     | Found Aciyl's Food Emporium.
 17530 | D:12     | Reached skill level 10 in Shields
 17637 | D:12     | Found a frozen archway.
 17643 | IceCv    | Entered an ice cave
 18010 | IceCv    | Found an ancient bone altar of Kikubaaqudgha.
 18498 | D:12     | Noticed a tengu warrior
 18504 | D:12     | Noticed a tengu warrior
 18535 | D:12     | Killed a tengu warrior
 18535 | D:12     | Received a gift from Okawaru
 18545 | D:12     | Killed a tengu warrior
 18545 | D:12     | Gained mutation: When seriously injured, your bleeding
                  | wounds create very thick armour. (AC +12) [demonic
                  | ancestry]
 18545 | D:12     | Reached XP level 13. HP: 99/99 MP: 12/15
 18558 | D:12     | Found a shimmering altar of Xom.
 19078 | D:12     | Found Vierefu's Food Shop.
 19262 | Orc:1    | Entered Level 1 of the Orcish Mines
 19467 | Orc:2    | Entered Level 2 of the Orcish Mines
 19483 | Orc:2    | Paralysed by an orc sorcerer for 3 turns
 19504 | Orc:2    | Paralysed by an orc sorcerer for 3 turns
 19510 | Orc:2    | Reached skill level 1 in Axes
 19759 | Orc:2    | Found a staircase to the Elven Halls.
 19866 | Orc:2    | Noticed Maurice
 19915 | Orc:2    | Killed Maurice
 20221 | Orc:2    | Found a roughly hewn altar of Beogh.
 20317 | Orc:2    | Found Ozicixky's Distillery.
 20317 | Orc:2    | Found Ohomiek's Gadget Shop.
 20783 | Orc:2    | Received a gift from Okawaru
 20888 | Orc:2    | Bought a potion of heal wounds for 70 gold pieces
 20888 | Orc:2    | Bought a potion of curing for 42 gold pieces
 20888 | Orc:2    | Bought a potion of heal wounds for 70 gold pieces
 20897 | Orc:2    | Bought a wand of digging (3) for 224 gold pieces
 20912 | Orc:2    | Found a roughly hewn altar of Beogh.
 20944 | Orc:2    | Reached skill level 11 in Shields
 21042 | Orc:2    | Found Zikaymehue's Assorted Antiques.
 21042 | Orc:2    | Found Dallyis's Assorted Antiques.
 21048 | Orc:2    | Bought a sapphire potion for 21 gold pieces
 21048 | Orc:2    | Bought a pair of faintly humming boots for 228 gold pieces
 21057 | Orc:2    | Bought 2 scrolls of magic mapping for 182 gold pieces
 21082 | Orc:2    | Identified the +1 pair of boots of Hysteria {*Corrode +Fly
                  | Regen+ Dex-5} (You bought it in a shop on level 2 of the
                  | Orcish Mines)
 21097 | Orc:2    | Bought a scroll of immolation for 84 gold pieces
 21097 | Orc:2    | Bought 3 scrolls of identify for 144 gold pieces
 21502 | Orc:1    | Found a runed translucent gate.
 21502 | Orc:1    | Found a runed translucent gate.
 21502 | Orc:1    | Found a runed translucent gate.
 21525 | Orc:1    | Found an opulent altar of Gozag.
 21527 | Orc:1    | Found Keudaorr's Assorted Antiques.
 21528 | Orc:1    | Found Geut's Assorted Antiques.
 21528 | Orc:1    | Noticed Quickbrownfox's ghost (journeyman GrIE)
 21581 | Orc:1    | Found Wuitokk's Gadget Shoppe.
 21631 | Orc:1    | Noticed a stone giant
 21651 | Orc:1    | Found Gyxkexui's Antique Armour Shop.
 21662 | Orc:1    | Killed a stone giant
 21815 | Orc:1    | Noticed an ettin
 21830 | Orc:1    | Killed an ettin
 22043 | Orc:1    | Killed Quickbrownfox's ghost
 22125 | Orc:1    | Bought a scroll labeled GENUNT IJ DYAX for 26 gold pieces
 22336 | D:13     | Received a gift from Okawaru
 22357 | D:13     | Got a pair of spiked gloves {god gift}
 22368 | D:13     | Identified the +0 pair of gloves "Dana Vah" {Harm rC-
                  | Slay+3} (Okawaru gifted it to you on level 13 of the
                  | Dungeon)
 22484 | D:13     | Reached ****** piety under Okawaru
 22484 | D:13     | Reached skill level 12 in Shields
 22529 | D:13     | Gained mutation: You have claws for hands. [demonic
                  | ancestry]
 22529 | D:13     | Reached XP level 14. HP: 102/109 MP: 17/17
 22606 | D:13     | Reached skill level 10 in Armour
 22747 | D:13     | Cast into level 3 of the Abyss (a wizard)
 22785 | D:13     | Escaped the Abyss
 22887 | D:13     | Reached skill level 10 in Fighting
 23026 | D:13     | Paralysed by a wizard for 6 turns
 23033 | D:13     | Found a gate to the Vaults.
 23517 | Lair:2   | Found a staircase to the Swamp.
 23863 | Lair:2   | Found a staircase to the Snake Pit.
 24022 | Lair:2   | Received a gift from Okawaru
 25173 | D:13     | Reached skill level 13 in Shields
 25283 | D:13     | Noticed Rupert
 25328 | D:13     | Killed Rupert
 25328 | D:13     | Received a gift from Okawaru
 25788 | D:13     | Noticed a frost giant
 25804 | D:13     | Killed a frost giant
 25804 | D:13     | Reached skill level 5 in Invocations
 25829 | D:13     | Identified Kisusoa's Almanac of the Voyage and Attacks
 26717 | D:14     | Noticed Roxanne
 26802 | D:13     | Reached XP level 15. HP: 98/117 MP: 16/18
 26986 | D:14     | Found a runed translucent gate.
 26986 | D:14     | Identified the +2 robe of Soffi {rN+}
 26986 | D:14     | Noticed Eryzeax's ghost (adept MfHu)
 26987 | D:14     | Found a runed translucent gate.
 26988 | D:14     | Found a runed translucent gate.
 26995 | D:14     | Found a roughly hewn altar of Beogh.
 26995 | D:14     | Identified the +12 dire flail "Dileloics" {elec, rC+ MR++
                  | Str-5 Dex+4}
 26995 | D:14     | Noticed an orc warlord
 27137 | D:14     | Killed an orc warlord
 27137 | D:14     | Received a gift from Okawaru
 27266 | D:14     | HP: 5/118 [Eryzeax's ghost/Olgreb's Toxic Radiance (6)]
 27266 | D:14     | Mangled by Eryzeax's ghost

Illustrated notes

Levels and vault maps discovered:
D:1:      ldierk_walled_garden, layout_rooms, minmay_3d_cube
D:2:      layout_rooms, okawaru_trees_1, uniq_sigmund
D:3:      layout_loops_ring, grunt_ministairs_10, uniq_natasha
D:4:      layout_loops_ring, gammafunk_ghost_smash, minmay_diced_spiral
D:5:      cheibrodos_iron_armory, layout_basic, first_ration
D:6:      layout_basic
D:7:      layout_loops_ring, minmay_temple_entry_statues_fountains, uniq_maggie
D:8:      kennysheep_windowed_halls, layout_loops_ring, grunt_ogre_cave,
          hangedman_decor_points, serial_park_tiny_pond
D:9:      layout_long_grid, makhleb_altar_promises_db, hiddenorc1_lemuel
D:10:     minmay_the_grid_plus [minmay_the_grid_large_cup,
          minmay_the_grid_box_x, minmay_the_grid_square_x,
          minmay_the_grid_eight, minmay_the_grid_prize_inner_circle],
          layout_loops_ring, enter_trove_2, basic_altar,
          minmay_guarded_unrand_vampires_tooth
D:11:     layout_rooms, lair_entry_dummy, serial_rivers,
          chequers_serial_rivers_micro_b, chequers_serial_rivers_small_3,
          chequers_serial_rivers_small_3, chequers_serial_rivers_micro_d,
          chequers_serial_rivers_small_3, chequers_serial_rivers_small_3,
          minmay_misc_feat_iff, uniq_erolcha
D:12:     layout_loops_ring, serial_shops, nicolae_shop_stone,
          kennysheep_little_box, portal_ice_cave_entry_pillars_1,
          xom_teletrap_fun
D:13:     minmay_shrinking_squares, layout_irregular_city,
          grunt_vaults_entry_tiered, uniq_rupert
D:14:     layout_big_octagon, biasface_ghost_orc_armoury,
          minmay_misc_feat_cross, kennysheep_generic_room_3, uniq_roxanne
Temple:   minmay_crystal_snake_temple
Lair:1:   layout_loops_ring, hellmonk_ghost_happy_afterlife, grunt_megastairs_5,
          infiniplex_staircase_pool_2, uniq_fannar
Lair:2:   layout_regular_city, swamp_mist, minmay_snake_entry_six_corridors,
          beast_lair_carwin_8, lemuel_fruit_fields
Orc:1:    layout_diamond_mine, serial_shops, nicolae_shop_waterfront,
          nicolae_shop_behind_doors, ebering_ghost_gozag
Orc:2:    st_orc_town, layout_caves, basic_altar, uniq_maurice

Skill      XL: |  1  2  3  4  5  6  7  8  9 10 11 12 13 14 15 |
---------------+----------------------------------------------+-----
Shields        | 3 4 5 7 8 9 10 12 13 | 13.4
Armour         | 3 4 5 6 7 8 9 11 | 11.0
Long Blades    | 3 4 5 7 8 10 | 10.6
Dodging        | 1 2 3 |  3.5
Fighting       | 4 5 6 7 8 9 10 11 | 11.0
Stealth        | 1 2 3 |  3.3
Invocations    | 1 2 4 5 |  5.1
Short Blades   | 5 7 8 9 |  9.3
Evocations     | 1 |  1.7
Axes           | 2 |  2.4

Action                   |  1- 3 |  4- 6 |  7- 9 | 10-12 | 13-15 || total
-------------------------+-------+-------+-------+-------+-------++-------
Melee: Long sword        |    99 |   183 |   578 |   613 |       ||  1473
       Quick blade       |       |       |       |  1046 |  1425 ||  2471
       Hand axe          |       |       |       |       |   113 ||   113
       Scimitar          |       |       |       |       |   105 ||   105
Invok: Heroism           |       |     1 |     5 |    28 |    33 ||    67
Evoke: Wand              |       |       |       |     8 |       ||     8
  Use: Scroll            |     4 |     2 |       |    24 |     4 ||    34
       Potion            |     1 |       |       |     4 |     7 ||    12
 Stab: Distracted        |       |       |       |     7 |     8 ||    15
  Eat: Chunk             |       |     8 |    16 |    20 |    27 ||    71
       Ration            |       |       |     1 |     4 |       ||     5
Armor: Scale mail        |    56 |    73 |    23 |       |       ||   152
       Chain mail        |       |       |    56 |       |       ||    56
       Plate armour      |       |       |   195 |   563 |   509 ||  1267
Dodge: Dodged            |    44 |    69 |   113 |   240 |   215 ||   681
Block: Kite shield       |    52 |   115 |   340 |   666 |   911 ||  2084
       Reflection        |       |       |       |       |    32 ||    32
       Rpst.: Long sword |    17 |    19 |    36 |    34 |       ||   106
       Scimitar          |       |       |       |       |    13 ||    13
